 Dungeon Crawl Stone Soup version 0.30-a0-1123-gabc949cf19 (webtiles) character file.

Game seed: 8662183579869342391

427 Sobieck the Ruffian (level 6, 0/51 HPs)
             Began as a Draconian Transmuter on Apr 22, 2023.
             Slain by Grinder (4 damage)
             ... while paralysed by Grinder
             ... on level 3 of the Dungeon.
             The game lasted 00:06:48 (2998 turns).

Sobieck the Ruffian (Draconian Transmuter)          Turns: 2998, Time: 00:06:49

Health: 0/51       AC:  6    Str: 14    XL:     6   Next: 65%
Magic:  10/11      EV:  2    Int: 13    God:
Gold:   217        SH:  0    Dex: 12    Spells: 5/11 levels left

rFire   . .          .
                       - Unarmed
rCold   + . .        (no shield)
rNeg    . . .        (body armour unavailable)
rPois   .            (helmet currently unavailable)
rElec   .            (no cloak)
rCorr   .            (no gloves)
SInv    .            (boots currently unavailable)
Will    .....        (no amulet)
Stlth   +            h - ring of wizardry
HPRegen 0.28/turn    t - ring of protection from cold
MPRegen 0.12/turn

%: wizardry (x1)
@: paralysed, appendages
A: horns 2, talons 2, AC +6, unfitting armour, cold-blooded
a: End Transformation


You were on level 3 of the Dungeon.
You had temporarily grown beastly horns and talons.
You visited 1 branch of the dungeon, and saw 6 of its levels.

You collected 217 gold pieces.


Innate Abilities, Weirdness & Mutations

You have temporarily grown beastly horns and talons.
Your plain brown scales are hard. (AC +6)
You cannot fit into any form of body armour.
You are cold-blooded and may be slowed by cold attacks.


   Skills:
 + Level 3.3 Fighting
 + Level 3.3 Dodging
 + Level 4.3 Unarmed Combat
 + Level 3.3 Spellcasting
 + Level 3.6 Transmutations


You had 5 spell levels left.
You knew the following spells:

 Your Spells              Type           Power      Damage    Failure   Level
a - Beastly Appendage     Tmut           22%        N/A       1%          1
b - Wereblood             Tmut           11%        N/A       3%          2
c - Spider Form           Tmut/Pois      6%         N/A       13%         3

Your spell library contained the following spells:

 Spells                   Type           Power      Damage    Failure   Level
 Ice Form                 Ice/Tmut       6%         N/A       38%         4

Inventory:

Missiles
 b - 14 stones {throwing}
 g - 2 poisoned darts {throwing}
Jewellery
 h - a ring of wizardry (left hand)
   (You found it on level 1 of the Dungeon)
 r - a ring of magical power
   (You found it on level 6 of the Dungeon)
 t - a ring of protection from cold (right hand)
   (You found it on level 5 of the Dungeon)
Wands
 q - a wand of paralysis (8)
   (You found it on level 2 of the Dungeon)
 s - a wand of roots (1)
   (You took it off Blork the orc on level 5 of the Dungeon)
Scrolls
 c - 2 scrolls of enchant weapon {unknown}
 d - 3 scrolls of identify {unknown}
 e - a scroll of enchant armour {unknown}
 f - 3 scrolls of amnesia {unknown}
 j - 2 scrolls of vulnerability {unknown}
 k - 3 scrolls of teleportation {unknown}
 n - a scroll of silence {unknown}
 o - 2 scrolls of fear {unknown}
 p - a scroll of blinking {unknown}
 u - a scroll of acquirement {unknown}
Potions
 a - 4 potions of lignification {!q}
 i - a potion of curing {unknown}
 l - a potion of invisibility {unknown}
 m - a potion of heal wounds {unknown}

Dungeon Overview and Level Annotations

Branches:
Dungeon (6/15) Zot: 26503
 Temple: D:4-7

Altars:
Ru
Xom

Annotations:
D:3 Grinder, Sigmund

#.. #..# # #.@# .#
###..# ######.#
....###......# #.#
#...##......#
#.#####.#h##..>...#
#.##.....S5@......#
#.##.##.####......#
#.##...S.......##.#
#.##.##.######## .#
#........ #
#<##.##.# .......##
..# ######.# #.#
#.# #..


You could see Grinder, a hound and an adder.


Message History

You see here a +0 spear {polearm}.
Unknown command.
There is a stone staircase leading up, spattered with blood here.
Your transformation is almost over.
o - 2 scrolls labelled PUEMUIXKINAASM (gained 1)
There is a stone staircase leading up here.
You start resting.
Your horns disappear.
Your talons disappear.
Unknown command.
You start waiting.
Done waiting.
Unknown command.
You climb upwards.
Level annotation: Grinder
There is a stone staircase leading down here.
Unknown command.
Unknown command.
Unknown command.
k - 3 scrolls labelled KEINAEQ NUFF (gained 1)
c - 2 scrolls labelled KUJIGEFIOS (gained 1) Grinder shouts!
You hear a shout! x2; You hear an angry hiss.
Danger!
You grow a pair of large bovine horns.
Your feet morph into talons.
Unknown command.
Unknown command.
You hit Grinder. You claw Grinder, but do no damage.
Grinder closely misses you.
You closely miss Grinder. You claw Grinder, but do no damage.
You headbutt Grinder! You tail-slap Grinder.
Grinder hits you but does no damage.
You barely miss Grinder. You claw Grinder.
Grinder blinks!
Unknown command.
An adder and an orc come into view.
The adder hisses angrily.
Danger!
You hit Grinder but do no damage. Your kick misses Grinder.
The orc hits you with a +0 club.
Grinder blinks!
Unknown command.
Grinder gestures at you.
You suddenly lose the ability to move!
The orc hits you but does no damage. The adder barely misses you.
The orc completely misses you. Grinder gestures at you.
You shrug off the repeated paralysis!
The adder bites you but does no damage. The orc hits you with a +0 club.
Grinder gestures at you. You resist with significant effort.
Your transformation is almost over.
The adder bites you but does no damage. The orc hits you with a +0 club.
Grinder says, "FISH!"
You can move again.
You barely miss the orc. You claw the orc. The adder closely misses you.
The orc misses you. Grinder hits you.
You writhe in agony.
Unknown command.
The hound barks!
You punch the orc!
You kill the orc!
The adder misses you. x2
Unknown command.
You barely miss Grinder. You claw Grinder! Grinder hits you.
You writhe in agony.
The adder closely misses you.
Unknown command.
The adder attacks as you move away! The adder bites you.
Sigmund the Dreaded comes into view.
He is wielding a +0 scythe, wearing a +2 robe of positive energy and carrying a wand of roots (8).
Sigmund shouts!
Sigmund points at you and mumbles some strange words.
The puff of flame hits you.
Sigmund says, "Look into my eyes."
Grinder attacks as you move away! Grinder barely misses you.
Unknown command.
You barely miss Grinder. Your kick misses Grinder.
Your tail-slap misses Grinder.
Grinder barely misses you.
Unknown command.
You barely miss Grinder. You headbutt Grinder! Grinder hits you.
You writhe in agony.
* * * LOW HITPOINT WARNING * * *
Unknown command.
You closely miss Grinder. Your headbutt misses Grinder.
You tail-slap Grinder, but do no damage.
Your horns disappear.
Your talons disappear.
Grinder hits you.
* * * LOW HITPOINT WARNING * * *
You writhe in agony.
* * * LOW HITPOINT WARNING * * *
Unknown command.
Unknown command.
Casting: Beastly Appendage (safe; 1% risk of failure)
Confirm with . or Enter, or press ? or * to list all spells.
You grow a pair of large bovine horns.
Your feet morph into talons.
Grinder hits you.
* * * LOW HITPOINT WARNING * * *
Unknown command.
You hit Grinder but do no damage. Your kick misses Grinder.
Grinder gestures at you.
You suddenly lose the ability to move!
Grinder hits you but does no damage. Grinder hits you.
* * * LOW HITPOINT WARNING * * *
You writhe in agony.
You die...

Skill      XL: |  1  2  3  4  5 |
---------------+----------------+-----
Dodging        | 2 3 |  3.3
Fighting       | 2 3 |  3.3
Transmutations | 3 |  3.6
Unarmed Combat | 4 |  4.3
Spellcasting   | 3 |  3.3

Action                     |  1- 3 |  4- 6 || total
---------------------------+-------+-------++-------
  Melee: Unarmed           |   115 |    72 ||   187
         Kick              |    27 |    19 ||    46
         Headbutt          |    16 |    10 ||    26
         Tailslap          |     7 |     6 ||    13
         Punch             |       |     1 ||     1
   Cast: Beastly Appendage |    25 |    20 ||    45
         Spider Form       |       |     3 ||     3
 Armour: Skin              |    35 |    15 ||    50
  Dodge: Dodged            |    80 |    38 ||   118

Levels and vault maps discovered:
D:1:      onia_arrival_mini_maze, layout_loops_cross,
          ebering_ecumenical_altar_rust, minmay_tetromino_o4
D:2:      layout_basic, basic_altar, corexii_shack, grunt_ministairs_9,
          uniq_jessica
D:3:      layout_loops_ring, uniq_sigmund, uniq_grinder, uniq_crazy_yiuf_cottage
D:4:      layout_basic, mainiacjoe_overflow_alcove_2, temple_doors_e,
          kennysheep_dice
D:5:      layout_rooms, uniq_blork_the_orc
D:6:      layout_loops_ring, xom_redecorated, nicolae_ossuary_entry_monument,
          uniq_edmund

Notes
Turn   | Place    | Note
-------+----------+-------------------------------------------
     0 | D:1      | Sobieck the Draconian Transmuter began the quest for the
                  | Orb.
     0 | D:1      | Reached XP level 1. HP: 16/16 MP: 3/3
    40 | D:1      | HP: 3/16 [quokka (4)]
   382 | D:1      | Reached XP level 2. HP: 15/23 MP: 3/5
   418 | D:1      | Learned a level 2 spell: Wereblood
   521 | D:1      | Reached skill level 2 in Dodging
   730 | D:1      | Found a faded altar of an unknown god.
   802 | D:1      | Reached XP level 3. HP: 28/29 MP: 4/6
  1348 | D:2      | Reached skill level 2 in Fighting
  1397 | D:2      | Reached XP level 4. HP: 28/36 MP: 5/7
  1428 | D:2      | Found a sacrificial altar of Ru.
  1437 | D:2      | Noticed Jessica
  1442 | D:2      | Killed Jessica
  1916 | D:3      | Noticed Grinder
  1916 | D:3      | You fall into a shaft and drop 3 floors!
  1933 | D:6      | Noticed an ogre
  1940 | D:6      | Learned a level 3 spell: Spider Form
  1952 | D:6      | Killed an ogre
  1952 | D:6      | HP: 9/36 [white imp/puff of frost (2)]
  1953 | D:6      | Reached skill level 3 in Transmutations
  1953 | D:6      | Reached XP level 5. HP: 11/42 MP: 5/9
  2087 | D:6      | Found a shimmering altar of Xom.
  2087 | D:6      | Found a shimmering altar of Xom.
  2087 | D:6      | Found a shimmering altar of Xom.
  2102 | D:6      | Found a shimmering altar of Xom.
  2102 | D:6      | Found a shimmering altar of Xom.
  2102 | D:6      | Found a shimmering altar of Xom.
  2179 | D:5      | Entered Level 5 of the Dungeon
  2179 | D:5      | Noticed a black bear
  2187 | D:5      | Killed a black bear
  2188 | D:5      | Reached skill level 3 in Fighting
  2188 | D:5      | Reached skill level 3 in Dodging
  2188 | D:5      | Reached skill level 4 in Unarmed Combat
  2188 | D:5      | Reached skill level 3 in Spellcasting
  2188 | D:5      | Reached XP level 6. HP: 33/51 MP: 6/10
  2188 | D:5      | Noticed Blork the orc
  2264 | D:5      | Killed Blork the orc
  2980 | D:3      | Paralysed by Grinder for 5 turns
  2988 | D:3      | Noticed Sigmund
  2995 | D:3      | HP: 7/51 [Grinder (6)]
  2996 | D:3      | Paralysed by Grinder for 4 turns
  2998 | D:3      | Slain by Grinder

Vanquished Creatures
  A black bear (D:5)
  An ogre (D:6)
  Blork the orc (D:5)
  A jelly (D:5)
  Jessica (D:2)
  A gnoll (D:4)
  3 adders (D:2)
  2 white imps
  2 worms (D:2)
  5 dart slugs
  4 orcs
  6 bats
  6 endoplasms
  3 giant cockroaches
  4 goblins
  3 hobgoblins
  4 quokkas
  5 ball pythons
  4 frilled lizards
  6 kobolds
  4 rats
67 creatures vanquished.

Table legend:
 A = Non-vault XP
 B = Vault XP
 C = Vault XP percentage of total XP
 D = Non-vault monster count
 E = Vault monster count
 F = Vault count percentage of total count
                 A         B        C        D         E       F
            +---------+---------+-------+---------+---------+-------
      Total |     470 |     141 |  23.1 |      58 |       9 |  13.4
            +---------+---------+-------+---------+---------+-------
        D:1 |      42 |       5 |  10.6 |      22 |       4 |  15.4
        D:2 |      76 |      42 |  35.6 |      21 |       4 |  16.0
        D:3 |       9 |       0 |   0.0 |       4 |       0 |   0.0
        D:4 |      38 |       0 |   0.0 |       7 |       0 |   0.0
        D:5 |     173 |      94 |  35.2 |       2 |       1 |  33.3
        D:6 |     132 |       0 |   0.0 |       2 |       0 |   0.0
            +---------+---------+-------+---------+---------+-------

Illustrated notes

Table legend:
 A = Kills in this place as a percentage of kills in the entire game.
 B = Kills by you in this place as a percentage of kills by you in the entire game.
 C = Kills by friends in this place as a percentage of kills by friends in the entire game.
 D = Other kills in this place as a percentage of other kills in the entire game.
 E = Experience gained in this place as a percentage of experience gained in the entire game.
 F = Experience gained in this place divided by the number of levels of this place that you have seen.
                   A       B       C       D       E      F
               +-------+-------+-------+-------+-------+----------------------
         Total | 100.0 | 100.0 |   N/A |   N/A | 100.0 | 101.8
       Dungeon | 100.0 | 100.0 |   N/A |   N/A | 100.0 | 101.8
               +-------+-------+-------+-------+-------+----------------------

Table legend: (Time is in decaauts)
 A = Elapsed time spent in this place.
 B = Non-inter-level travel time spent in this place.
 C = Inter-level travel time spent in this place.
 D = Time resting spent in this place.
 E = Time spent auto-exploring this place.
 F = Levels seen in this place.
 G = Mean time per level.
                   A        B        C        D        E       F      G
               +--------+--------+--------+--------+--------+-----+--------+
         Total |   2995 |   2914 |     81 |    540 |   1849 |   6 |  499.2 |
       Dungeon |   2995 |   2914 |     81 |    540 |   1849 |   6 |  499.2 |
               +--------+--------+--------+--------+--------+-----+--------+

Top non-repeatable levels by time:
     D:1: 1016 daAuts
     D:2: 902 daAuts
     D:4: 409 daAuts
     D:5: 319 daAuts
     D:6: 261 daAuts
     D:3: 85 daAuts
